Cogmind - Beta 13 @@@ ROGUE MODE // 2024.04.07 @ 17:03:02 Player: misiasty3 Result: Self-destructed Performance ------------- Evolutions (2) 1000 Regions Visited (4) 800 Robots Destroyed (48) 240 Value Destroyed (962) 962 Prototype IDs (0) 0 Alien Tech Used (0) 0 Bonus (204) 204 TOTAL SCORE: 3206 Bonus ------- Pacifist 200 High Alert Combat Kills 4 Cogmind --------- Core Integrity 180/550 Matter 67/300 Energy 100/100 System Corruption 1% Temperature Cool (0) Movement Core (700) Ox13 Location -8/Materials Parts ------- > --- POWER (1) -------- (None) > --- PROPULSION (3) --- (None) > --- UTILITY (5) ------ High-capacity Storage Unit Launcher Guidance Computer > --- WEAPON (2) ------- (None) > --- INVENTORY (20) --- Light Ion Engine Light Ion Engine Improved Ion Engine Light Nuclear Core Light Nuclear Core Micro Nuclear Core Improved Aluminum Leg Combat Airjet Small Storage Unit High-capacity Storage Unit Medium Matter Pod (77) Improved Medium Armor Plating Shield Generator Mini Grenade Launcher Peak State ------------ > --- POWER ------------ Light Nuclear Core > --- PROPULSION ------- Improved Aluminum Leg Improved Aluminum Leg > --- UTILITY ---------- High-capacity Storage Unit Sensor Array Launcher Guidance Computer Particle Charger Power Shielding > --- WEAPON ----------- Mini Grenade Launcher Improved Grenade Launcher > --- INVENTORY -------- Light Ion Engine Light Ion Engine Improved Ion Engine Light Nuclear Core Light Nuclear Core Micro Nuclear Core Light Treads Wheel Combat Airjet Small Storage Unit High-capacity Storage Unit Medium Matter Pod Improved Medium Armor Plating Shield Generator EM Pulse Gun Heavy Assault Rifle Light Cannon Light Cannon [Rating: 25] Favorites ----------- Power Light Ion Engine Engine Light Ion Engine Power Core Light Nuclear Core Propulsion Light Treads Treads Light Treads Leg Improved Aluminum Leg Wheel Wheel Hover Unit Combat Airjet Utility Launcher Guidance Computer Device Particle Charger Storage High-capacity Storage Unit Processor Launcher Guidance Computer Protection Power Shielding Weapon Light Cannon Energy Gun EM Pulse Gun Ballistic Gun Assault Rifle Ballistic Cannon Light Cannon Launcher Mini Grenade Launcher Build | -11 -10 -10 -9 -8 ------- Run | Yrd Mat Min Mat Mat Slots Evolved 4 | . . . 2 2 Power . | . . . . . Propulsion 1 | . . . . 1 Utility 3 | . . . 2 1 Weapon . | . . . . . Parts Attached 45 | 4 . 5 26 10 Power 3 | 1 . . 2 . Engine 2 | 1 . . 1 . Core 1 | . . . 1 . Reactor . | . . . . . Propulsion 15 | . . 3 10 2 Treads 6 | . . 1 4 1 Leg 5 | . . . 5 . Wheel 3 | . . 1 1 1 Hover 1 | . . 1 . . Flight . | . . . . . Utility 10 | 1 . 1 7 1 Device 2 | . . . 1 1 Storage 5 | 1 . 1 3 . Processor 1 | . . . 1 . Hackware . | . . . . . Protection 2 | . . . 2 . Artifact . | . . . . . Weapon 17 | 2 . 1 7 7 Energy Gun 4 | 1 . 1 1 1 Energy Cannon . | . . . . . Ballistic Gun 2 | 1 . . . 1 Ballistic Cannon 6 | . . . 4 2 Launcher 5 | . . . 2 3 Special Weapon . | . . . . . Impact Weapon . | . . . . . Slashing Weapon . | . . . . . Piercing Weapon . | . . . . . Special Melee Weapon . | . . . . . Unidentified Prototypes . | . . . . . Corrupted Parts 1 | . . . . 1 System Corruption 1 | . . . . 1 Parts Lost 16 | . . . 4 12 Power 2 | . . . 1 1 Propulsion 4 | . . . 1 3 Utility 4 | . . . 1 3 Weapon 6 | . . . 1 5 Highest Loss Streak 8 | . . . 2 8 To Critical Strikes . | . . . . . Average Slot Usage (%) 90 | . 42 80 95 81 Engine 6 | . 14 14 5 . Core 4 | . . . 5 9 Treads 12 | . . 9 15 1 Leg 5 | . . . 5 13 Device 4 | . . . 4 13 Storage 17 | . 14 23 18 9 Processor 8 | . . . 10 9 Protection 7 | . . . 8 9 Energy Gun 6 | . 14 23 3 . Ballistic Cannon 12 | . . . 15 9 Launcher 1 | . . . 1 5 Naked Turns . | . . . . . Heaviest Build 60 | 10 9 13 60 57 Greatest Support 40 | 3 3 20 40 26 Greatest Overweight (x) 3 | 3 2 2 2 2 Average Overweight (x) 1 | 2 2 1 1 1 Largest Inventory Capacity 20 | 8 8 8 20 20 Average Capacity 16 | 7 8 8 18 20 Most Carried 18 | 3 2 6 18 18 Average Carried 11 | 1 2 3 13 16 Final Capacity 20 | 8 8 8 20 20 Final Carried 17 | 2 2 6 17 14 Class Distribution -------------------- 100% | Mutant Dominant Class ---------------- Mutant | -10/Materials Mutant | -10/Mines Mutant | -9/Materials Mutant | -8/Materials Resources | -11 -10 -10 -9 -8 ----------- Run | Yrd Mat Min Mat Mat Matter Collected 953 | 196 . 194 558 5 Remotely . | . . . . . Salvage Created 1006 | . . . 603 403 Parts 98 | . . . 55 43 Haulers Intercepted 3 | . . . 2 1 Recyclers Shooed 2 | . . . 2 . Parts Field Recycled . | . . . . . Retrieved Matter . | . . . . . Parts Self-Destructed . | . . . . . Prevented . | . . . . . Kills | -11 -10 -10 -9 -8 ------- Run | Yrd Mat Min Mat Mat Combat Hostiles Destroyed 26 | . . . 16 10 Guns 2 | . . . 2 . Cannons 10 | . . . 10 . AOE 14 | . . . 4 10 Classes Destroyed 10 | . . . 8 2 Worker 9 | . . . 5 4 Builder 1 | . . . . 1 Hauler 3 | . . . 2 1 Recycler 3 | . . . 1 2 Watcher 6 | . . . 5 1 Swarmer 10 | . . . 6 4 Grunt 9 | . . . 6 3 Duelist 1 | . . . 1 . Sentry 4 | . . . 3 1 Specialist 2 | . . . . 2 Best Kill Streak 9 | . . . 7 9 Combat Bots Only 6 | . . . 3 6 Max Kills in Single Turn 5 | . . . 5 4 Gunslinging . | . . . . . Exploded 3 | . . . 2 3 Melee . | . . . . . Uniques/NPCs Destroyed . | . . . . . Combat | -11 -10 -10 -9 -8 -------- Run | Yrd Mat Min Mat Mat Hostile Shots Fired 127 | . 7 . 80 40 Missed 33 | . 5 . 19 9 Damage Taken 1747 | . 25 105 731 886 Core 585 | . 10 88 117 370 Absorbed by Shields . | . . . . . Redirected to Shielding 26 | . . . 14 12 Core Remaining (%) 76 | 100 . 60 70 . Volleys Fired 82 | . . 1 63 18 Largest 2 | . . 1 2 2 Hottest 80 | . . 40 80 70 Shots Fired 132 | . . 1 107 24 Gun 31 | . . 1 21 9 Cannon 85 | . . . 83 2 Launcher 16 | . . . 3 13 Special . | . . . . . Kinetic 88 | . . . 83 5 Thermal 7 | . . . 7 . Explosive 16 | . . . 3 13 Electromagnetic 21 | . . 1 14 6 Robot Hit Streak 23 | . . . 23 11 Robot Miss Streak 4 | . . 1 4 1 Penetration Max . | . . . . . Secondary Targets . | . . . . . Shots Hit Robots 76 | . . . 64 12 Core Hits 64 | . . . 35 29 Critical Kills . | . . . . . Critical Parts Destroyed . | . . . . . Critical Strikes 1 | . . . 1 . Blast 1 | . . . 1 . Melee Attacks . | . . . . . Impact . | . . . . . Slashing . | . . . . . Piercing . | . . . . . Sneak Attacks . | . . . . . Combat Hostiles . | . . . . . Follow-up Attacks . | . . . . . Damage Inflicted 2909 | . . . 1462 1447 Guns 311 | . . . 236 75 Cannons 833 | . . . 818 15 Explosions 1765 | . . . 408 1357 Melee . | . . . . . Ramming . | . . . . . Kinetic 861 | . . . 818 43 Thermal 106 | . . . 106 . Explosive 1678 | . . . 377 1301 Electromagnetic 264 | . . . 161 103 Impact . | . . . . . Slashing . | . . . . . Piercing . | . . . . . Highest Corruption 1 | . . . . 1 Average Corruption 1 | . . . . 1 Corruption Purged . | . . . . . Corruption Blocked . | . . . . . Overload Shots . | . . . . . Overflow Damage 18 | . . . . 18 Projectiles . | . . . . . Explosions 18 | . . . . 18 Melee . | . . . . . Knockbacks 9 | . . . 9 . Impact . | . . . . . Kinetic 9 | . . . 9 . Secondary . | . . . . . Self-Inflicted Damage 49 | . . . 35 14 Shots 2 | . . . 1 1 Rammed . | . . . . . Targets Rammed . | . . . . . Kicked . | . . . . . Crushed . | . . . . . Highest Temperature 138 | . . . 138 13 Average Temperature 38 | . . . 40 7 Received Heat Transfer 252 | . 15 . 192 45 Siege Activations . | . . . . . Robots Corrupted . | . . . . . Combat Hostiles . | . . . . . Parts Fried 1 | . . . 1 . Impact Corruptions . | . . . . . Robots Melted . | . . . . . Combat Hostiles . | . . . . . Parts Melted . | . . . . . Heat Transferred 225 | . . . 225 . Parts Sabotaged . | . . . . . Parts Stolen . | . . . . . Parts Stripped . | . . . . . Power Chain Reactions 2 | . . . 1 1 Alert | -11 -10 -10 -9 -8 ------- Run | Yrd Mat Min Mat Mat Peak Influence 440 | . . . 322 440 Initial 87 | . . . . 87 Average 129 | . . . 164 189 Maximum Alert Level 2 | . . . 1 2 Low Security (%) 67 | 100 100 100 58 52 Level 1 31 | . . . 41 39 Level 2 . | . . . . 7 Level 3 . | . . . . . Level 4 . | . . . . . Level 5 . | . . . . . High Security . | . . . . . Max Security . | . . . . . Squads Dispatched 4 | . . . 1 3 Investigation . | . . . . . Extermination . | . . . . . Reinforcement 4 | . . . 1 3 Assault . | . . . . . Garrison . | . . . . . Intercept . | . . . . . Searches Triggered . | . . . . . Construction Impeded . | . . . . . Haulers Reinforced . | . . . . . Active Scanning Responses . | . . . . . Cargo Convoy Interrupts . | . . . . . Stealth | -11 -10 -10 -9 -8 --------- Run | Yrd Mat Min Mat Mat Distress Signals 6 | . 1 . 3 2 Communications Jammed . | . . . . . Distress Signals . | . . . . . Times Spotted 48 | . 3 4 27 14 Peak Tracking Total 6 | . 3 4 6 6 Tactical Retreats . | . . . . . Traps | -11 -10 -10 -9 -8 ------- Run | Yrd Mat Min Mat Mat Traps Triggered . | . . . . . Indirectly . | . . . . . Trap Hack Attempts . | . . . . . Triggered . | . . . . . Disarmed . | . . . . . Reprogrammed . | . . . . . Reused . | . . . . . Traps Extracted . | . . . . . Installed . | . . . . . Triggered . | . . . . . Machines | -11 -10 -10 -9 -8 ---------- Run | Yrd Mat Min Mat Mat Machines Disabled 2 | . . . . 2 Max in Single Turn 1 | . . . . 1 Machines Repaired . | . . . . . Machines Dismantled . | . . . . . Machines Sabotaged . | . . . . . Overloaded Fab Kills . | . . . . . Hacking | -11 -10 -10 -9 -8 --------- Run | Yrd Mat Min Mat Mat Machines Accessed 1 | . . . 1 . Terminals 1 | . . . 1 . Fabricators . | . . . . . Repair Stations . | . . . . . Recycling Units . | . . . . . Scanalyzers . | . . . . . Garrison Access . | . . . . . Total Hacks 2 | . . . 2 . Successful . | . . . . . Failed 2 | . . . 2 . Catastrophic . | . . . . . Database Lockouts . | . . . . . Manual 2 | . . . 2 . Terminals 2 | . . . 2 . Fabricators . | . . . . . Repair Stations . | . . . . . Recycling Units . | . . . . . Scanalyzers . | . . . . . Garrison Access . | . . . . . Terminal Hacks . | . . . . . Fabricator Hacks . | . . . . . Repair Station Hacks . | . . . . . Recycling Unit Hacks . | . . . . . Scanalyzer . | . . . . . Garrison Access Hacks . | . . . . . Unauthorized Hacks . | . . . . . Terminals . | . . . . . Fabricators . | . . . . . Repair Stations . | . . . . . Recycling Units . | . . . . . Scanalyzers . | . . . . . Garrison Access . | . . . . . Data Cores Recovered . | . . . . . Used . | . . . . . Hacking Detections 1 | . . . 1 . Full Trace Events . | . . . . . Feedback Events . | . . . . . Feedback Blocked . | . . . . . Robot Schematics Acquired . | . . . . . Robots Built . | . . . . . Authchips . | . . . . . Time . | . . . . . Total Robot Build Rating . | . . . . . Part Schematics Acquired . | . . . . . Parts Built . | . . . . . Authchips . | . . . . . Time . | . . . . . Total Part Build Rating . | . . . . . Parts Repaired . | . . . . . Time . | . . . . . Parts Recycled . | . . . . . Recycled Matter . | . . . . . Retrieved Matter . | . . . . . Retrieved Components . | . . . . . Parts Scanalyzed . | . . . . . Part Schematics Acquired . | . . . . . Parts Damaged . | . . . . . Bothacking | -11 -10 -10 -9 -8 ------------ Run | Yrd Mat Min Mat Mat Used RIF Installer . | . . . . . Robots Hacked . | . . . . . Non-combat . | . . . . . Combat . | . . . . . Robot Hacks Applied . | . . . . . Relay Couplers Released . | . . . . . Fabnet Peak Effective % . | . . . . . Robots Rewired . | . . . . . Allies Hacked . | . . . . . Hacks Repelled . | . . . . . Allies | -11 -10 -10 -9 -8 -------- Run | Yrd Mat Min Mat Mat Total Allies . | . . . . . Largest Group . | . . . . . Highest-Rated Group . | . . . . . Highest-Rated Ally . | . . . . . Total Orders . | . . . . . Ally Attacks . | . . . . . Total Damage . | . . . . . Kills . | . . . . . Allies Corrupted . | . . . . . Allies Melted . | . . . . . Intel | -11 -10 -10 -9 -8 ------- Run | Yrd Mat Min Mat Mat Robot Analysis Total . | . . . . . Derelict Logs Recovered . | . . . . . Drone Launches . | . . . . . Drone Recoveries . | . . . . . Exploration | -11 -10 -10 -9 -8 ------------- Run | Yrd Mat Min Mat Mat Turns Passed 1728 | 107 47 240 1143 191 Spaces Moved 675 | 60 32 157 376 50 Core 141 | 60 32 49 . . Treads 264 | . . 2 256 6 Legs 154 | . . . 110 44 Wheels 43 | . . 43 . . Hover 73 | . . 63 10 . Flight . | . . . . . Fastest Speed 50 | 50 150 80 80 190 Average Speed 200 | 160 150 141 228 265 Slowest Speed 320 | 200 150 170 320 320 Overloaded Moves . | . . . . . Propulsion Burnouts . | . . . . . Robots Hopped . | . . . . . Cave-ins Triggered . | . . . . . Exploration Rate (%) 19 | 4 13 36 34 10 Regions Visited 4 Branch Regions 1 Pre-discovered Areas . | . . . . . Known Exits Taken . | . . . . . Unknown Exits Taken 4 | 1 1 1 1 . Scrap Searched 1 | . . 1 . . Spaces Dug . | . . . . . Terrain Destroyed 65 | . . . 21 44 Melee . | . . . . . Projectile . | . . . . . AOE 65 | . . . 21 44 Terrain Rammed . | . . . . . Walls Destroyed . | . . . . . Machines Disabled . | . . . . . Actions | -11 -10 -10 -9 -8 --------- Run | Yrd Mat Min Mat Mat Total 906 | 72 31 175 547 81 Wait 70 | 2 . 4 63 1 Move 671 | 59 31 156 375 50 Hop . | . . . . . Pick Up 33 | 6 . 6 19 2 Fast Attach . | . . . . . Attach 23 | 4 . 5 9 5 Detach 4 | . . 3 1 . Swap 22 | . . . 17 5 Drop 1 | 1 . . . . Fire 82 | . . 1 63 18 Melee . | . . . . . Ram . | . . . . . Kick . | . . . . . Crush . | . . . . . Escape Stasis . | . . . . . Rewire . | . . . . . Trap . | . . . . . Miscellaneous . | . . . . . Route ------- -11/Scrapyard -10/Materials -10/Mines -9/Materials -8/Materials History --------- Turn | Location | Event 28 | -11/Scrapyard | Discovered new exit (range 14) 108 | -11/Scrapyard | Entered Materials 122 | -10/Materials | Discovered new exit (range 16) 140 | -10/Materials | Met 8R-AWN 155 | -10/Materials | Entered Mines 157 | -10/Mines | Followed 8R-AWN into the Mines 207 | -10/Mines | Assembled infested the area 212 | -10/Mines | Assisted by a Guerilla fighting off Assembled 301 | -10/Mines | Discovered new exit (range 10) 311 | -10/Mines | Build established: Mutant 395 | -10/Mines | Entered Materials 395 | -9/Materials | Evolved 2 slots: Utility x2 1223 | -9/Materials | Discovered new exit (range 11) 1538 | -9/Materials | Entered another Materials area 1538 | -8/Materials | Evolved 2 slots: Propulsion x1, Utility x1 1709 | -8/Materials | Lost 3 parts (1n2w) 1722 | -8/Materials | Core integrity fell below 50% 1729 | -8/Materials | Self-destructed Last Messages --------------- 01719_ The unstable cave ceiling collapses. 01719_ Penetrated by Slug. 01719_ U-05 Engineer builds a Wall. 01720_ R-06 Scavenger collects Med. Storage Unit. 01721_ K-01 Serf collects debris. 01721_ Power Shielding destroyed. 01721_ Critical hit (Blast). 01721_ Knocked back. 01722_ Acquired 5 matter. 01723_ Wheel destroyed. 01723_ Critical hit (Blast). 01725_ U-05 Engineer lays Concrete. 01726_ R-06 Scavenger collects Sml. Storage Unit. 01726_ U-05 Engineer lays Concrete. 01727_ Penetrated by Slug. 01727_ EM Pulse Gun destroyed. 01727_ Lgt. Nuclear Core destroyed. 01728_ U-05 Engineer builds a Wall. Map ----- +----------------------------------------------------+ | ?????????????????????????????????????????????????? | | ?????????????????????????????????????????????????? | | ?????????????????????????????????????????????????? | | ?????????????????????????????????????????????????? | | ?????????????????????????????????????????????????? | | ?????????????????????????????????????????????????? | | ?????????????????????????????????????????????????? | | ?????????????????????????????????????????????????? | | ?????????????????????????????????????????????????? | | ?????????????????????????????????????????????????? | | ???????????????????????? ???????????????????????? | | ??????????????????????"" ???????????????????????? | | ???????????????# ?????"" ???????????????????????? | | ???????????????# %???? ???????????????????????? | | ???????????##??# ???! ???????????????????????? | | ??????????? ?# #### ###?????????????????????? | | ?????????? #% ###???????????????????? | | ?????????? #= # ????????????????????? | | ????????? = #????????????????????? | | ?????????# ?????????????????????? | | ??????????# w ^ %r / #######???????????????? | | ??????????# ! # !#???????????????? | | ??????????# =%% ! """ #???????????????? | | ??????????# = *%! *! # "Y" ######??????????? | | ??????????# [ ==[ %= = # + ???????????? | | ??????????# kH [%*= ![@# ! #???????????????? | | ??????????# % # # # %%u ! #???????????????? | | ?????????# = *#% #######???????????????? | | ???????? # #?????????????????????? | | ???????? ???## # ##?????????????????????? | | ????????????????# """# #??????????????????????? | | ????????????????#! """# #??????????????????????? | | ????????????????# """# #########??????????????? | | ????????????????# # ##!!!!**#??????????????? | | ????????????????####### ##!!! *#??????????????? | | ??????????????????????# ## #??????????????? | | ??????????????????????# ## #########+###??? | | ??????????????????????# #?? | | ??????????????????????# +?? | | ??????????????????????# #?? | | ??????????????????????######## ##########+##+??? | | ?????????????????????????????# #???????????????? | | ?????????????????????????????# #???????????????? | | ?????????????????????????????# #####???????????? | | ?????????????????????????????# #???????????? | | ?????????????????????????????# #???????????? | | ?????????????????????????????# #???????????? | | ?????????????????????????????#### ####???????????? | | ???????????????????????????????# ??????????????? | | ???????????????????????????????## #??????????????? | +----------------------------------------------------+ Best States ------------- Heat Dissipation 31 Energy Generation 14 Energy Capacity 160 Matter Stores 400 Matter Capacity 400 Sight Range 16 Robot Scan Range 14 Terrain Scan Density 10 Armor Coverage 150 Power Shielding 33 Evasion (%) 50 Launcher Accuracy 20 Recoil Reduction 2 Particle Charging 15 Item Schematics ----------------- None Robot Schematics ------------------ None Fabricated ------------ Nothing Alien Tech Used ----------------- None Achievements -------------- None Challenges ------------ None Game ------ Seed EfficiencyFluxMantle Manual? 0 Play Time 00:40:22 Cumulative 6.4 hours Start 2024.04.05 @ 22:24:43 End 2024.04.07 @ 17:03:02 Sessions 5 Manual Loads 0 Difficulty Rogue Special Mode None Game No. 4 Rogue 4 Adventurer 0 Explorer 0 Win Type - Total 0 Types 0/0/0/0/0/0/0/0/0 Lore% 0 Gallery% 7 Achievement% 7 Wizard Run 0 Options --------- Layout 1 ASCII 0 Keyboard 0 Movement Mouse Keybinds 0 Fullscreen 1 Font 24/Smallcaps Map View 50x35 Zoom Use 0% Tactical HUD 1 Map Filters NONE Filters NONE Steam 1 RUN: 6c10ee89-32ce-468e-8896-bd1ca2e2de26